TOP OF THE 1ST |
Marion Mets batting - Pitching for Kingsport Cherokees : RHP Ivan Vasquez
|
Pitching: RHP Ivan Vasquez
|
|
Batting: RHB Thomas Wallace
|
0-0: Ball 1-0: Called Strike 1-1: Ball 2-1: Swinging Strike 2-2: Foul Ball, location: 2F 2-2: Ground out 4-3 (Groundball, 4, EV 98.1 MPH)
|
Batting: LHB Ricky de la Cruz
|
0-0: Ball 1-0: Ball 2-0: Ball 3-0: Base on Balls
|
Batting: RHB Rey Quinones
|
0-0: Called Strike 0-1: Called Strike 0-2: Ball Ricky de la Cruz is caught stealing 2nd base 2-4 1-2: Ball 2-2: Ball 3-2: Ground out 6-3 (Groundball, 6, EV 85.6 MPH)
|
Top of the 1st over - 0 runs, 0 hits, 0 errors, 0 left on base; Marion 0 - Kingsport 0 |
BOTTOM OF THE 1ST |
Kingsport Cherokees batting - Pitching for Marion Mets : RHP Sergio Hernandez
|
Pitching: RHP Sergio Hernandez
|
|
Batting: SHB Terrence Derby
|
0-0: Called Strike 0-1: Foul Ball, location: 2F 0-2: Strikes out swinging
|
Batting: RHB Joseph Kramer
|
0-0: Called Strike 0-1: Foul Ball, location: 2F 0-2: Fly out, F6 (Popup, 56, EV 62.5 MPH)
|
Batting: LHB Ronald Davis
|
0-0: Ball 1-0: Foul Ball, location: 2F 1-1: Ball 2-1: SINGLE (Groundball, 34D, EV 100.0 MPH)
|
Batting: RHB James Hudson
|
0-0: Called Strike 0-1: Called Strike 0-2: Ball 1-2: Strikes out swinging
|
Bottom of the 1st over - 0 runs, 1 hit, 0 errors, 1 left on base; Marion 0 - Kingsport 0 |
TOP OF THE 2ND |
Marion Mets batting - Pitching for Kingsport Cherokees : RHP Ivan Vasquez
|
Batting: LHB Christopher Chapman
|
0-0: Ball 1-0: Ball 2-0: Swinging Strike 2-1: Ball 3-1: Base on Balls
|
Batting: RHB Andy Allanson
|
0-0: SINGLE (Flyball, 89S, EV 95.6 MPH) Christopher Chapman to second Runner from 2nd tries for 3rd, SAFE, no throw by RF
|
Batting: RHB Wayne Harrison
|
0-0: Fly out, F7 (Flyball, 7S, EV 86.3 MPH)
|
Batting: LHB Lorenzo Castillo
|
0-0: Swinging Strike 0-1: Ball 1-1: SINGLE (Line Drive, 34D, EV 97.5 MPH) Christopher Chapman scores Andy Allanson to second Runner from 2nd tries for 3rd, SAFE, throw by RF made to third
|
Batting: SHB Sherman Webb
|
0-0: Called Strike 0-1: Ball 1-1: Foul Ball, location: 2F 1-2: Ball 2-2: Fielders Choice at 2nd, 4-6 (Groundball, 34S, EV 82.5 MPH) Andy Allanson scores
|
Batting: RHB Jose Maldonado
|
0-0: Ball 1-0: Fly out, F4 (Popup, 4M, EV 74.4 MPH)
|
Top of the 2nd over - 2 runs, 2 hits, 0 errors, 1 left on base; Marion 2 - Kingsport 0 |
BOTTOM OF THE 2ND |
Kingsport Cherokees batting - Pitching for Marion Mets : RHP Sergio Hernandez
|
Batting: RHB Timothy Smith
|
0-0: Ball 1-0: Foul Ball, location: 2F 1-1: Called Strike 1-2: Foul Ball, location: 2F 1-2: Foul Ball, location: 2F 1-2: Ball 2-2: Foul Ball, location: 2F 2-2: Strikes out swinging
|
Batting: LHB Peter Camelo
|
0-0: Ball 1-0: Called Strike 1-1: Swinging Strike 1-2: Strikes out looking
|
Batting: RHB Juan Baez
|
0-0: Ball 1-0: Foul Ball, location: 2F 1-1: Ball 2-1: Swinging Strike 2-2: Foul Ball, location: 2F 2-2: Ball 3-2: Foul Ball, location: 2F 3-2: DOUBLE (Line Drive, 9LS, EV 108.8 MPH)
|
Batting: SHB Nelson Liriano
|
0-0: Ball Wild Pitch! Juan Baez to third 1-0: Foul Ball, location: 2F 1-1: Foul Ball, location: 2F 1-2: Foul Ball, location: 2F 1-2: Foul Ball, location: 2F 1-2: Ball 2-2: Ball 3-2: Foul Ball, location: 2F 3-2: Foul Ball, location: 2F 3-2: Strikes out looking
|
Bottom of the 2nd over - 0 runs, 1 hit, 0 errors, 1 left on base; Marion 2 - Kingsport 0 |
TOP OF THE 3RD |
Marion Mets batting - Pitching for Kingsport Cherokees : RHP Ivan Vasquez
|
Batting: RHB Thomas Wallace
|
0-0: Ball 1-0: Foul Ball, location: 2F 1-1: Ball 2-1: Fly out, F9 (Flyball, 9LM, EV 92.5 MPH)
|
Batting: LHB Ricky de la Cruz
|
0-0: Ball 1-0: Swinging Strike 1-1: Reached on error, E6 (Groundball, 6M, EV 100.6 MPH)
|
Batting: RHB Rey Quinones
|
0-0: Called Strike 0-1: Foul Ball, location: 2F 0-2: Ball 1-2: Ball 2-2: Ball 3-2: Base on Balls Ricky de la Cruz to second
|
Batting: LHB Christopher Chapman
|
0-0: Ball 1-0: SINGLE (Flyball, 6MD, EV 86.3 MPH) Ricky de la Cruz to third Rey Quinones to second
|
Batting: RHB Andy Allanson
|
0-0: Ball 1-0: Foul Ball, location: 2F 1-1: Ball 2-1: Foul Ball, location: 2F 2-2: Foul Ball, location: 2F 2-2: Ball 3-2: Grounds into fielders choice 1-2 (Groundball, 15S, EV 71.3 MPH) Rey Quinones to third Christopher Chapman to second
|
Batting: RHB Wayne Harrison
|
0-0: Called Strike 0-1: Ball 1-1: Ball 2-1: Foul Ball, location: 2F 2-2: Foul Ball, location: 2F 2-2: Ball 3-2: Foul Ball, location: 2F 3-2: Base on Balls Rey Quinones scores Christopher Chapman to third Andy Allanson to second
|
Batting: LHB Lorenzo Castillo
|
0-0: Ball 1-0: Ball 2-0: Fly out, F2 (Popup, 23F, EV 80.0 MPH)
|
Top of the 3rd over - 1 run, 1 hit, 1 error, 3 left on base; Marion 3 - Kingsport 0 |
BOTTOM OF THE 3RD |
Kingsport Cherokees batting - Pitching for Marion Mets : RHP Sergio Hernandez
|
Batting: RHB Jose Sanchez
|
0-0: Ball 1-0: Called Strike 1-1: Ball 2-1: Ball 3-1: Foul Ball, location: 2F 3-2: SINGLE (Flyball, 3D, EV 88.1 MPH)
|
Batting: SHB Terrence Derby
|
0-0: Ball 1-0: Swinging Strike 1-1: Called Strike 1-2: Fly out, F7 (Flyball, 7LD, EV 91.3 MPH)
|
Batting: RHB Joseph Kramer
|
0-0: Foul Ball, location: 2F 0-1: Called Strike 0-2: Foul Ball, location: 2F 0-2: Ball Pickoff Throw to First - Out! 1-3 1-2: Foul Ball, location: 2F 1-2: SOLO HOME RUN (Flyball, 78XD, EV 97.5 MPH), Distance : 413 ft
|
Batting: LHB Ronald Davis
|
0-0: Ball 1-0: Ball 2-0: Called Strike 2-1: Ball 3-1: Base on Balls
|
Batting: RHB James Hudson
|
0-0: Ball 1-0: SINGLE (Groundball, 6MD, EV 105.0 MPH) Ronald Davis to second Runner from 2nd tries for 3rd, SAFE, throw by CF made to third James Hudson to second
|
Batting: RHB Timothy Smith
|
0-0: Ball 1-0: Swinging Strike 1-1: Foul Ball, location: 2F 1-2: Strikes out looking
|
Bottom of the 3rd over - 1 run, 3 hits, 0 errors, 2 left on base; Marion 3 - Kingsport 1 |
TOP OF THE 4TH |
Marion Mets batting - Pitching for Kingsport Cherokees : RHP Ivan Vasquez
|
Batting: SHB Sherman Webb
|
0-0: Swinging Strike 0-1: Ball 1-1: Called Strike 1-2: Foul Ball, location: 2F 1-2: Foul Ball, location: 2F 1-2: SINGLE (Groundball, 56, EV 106.9 MPH)
|
Batting: RHB Jose Maldonado
|
0-0: Called Strike Sherman Webb steals 2nd, throwing error, E2 Sherman Webb to third 0-1: Ball 1-1: Ground out 5-3 (Groundball, 5, EV 81.3 MPH)
|
Batting: RHB Thomas Wallace
|
0-0: Ball 1-0: Foul Ball, location: 2F 1-1: Ball 2-1: Ball 3-1: Fly out, F8 (Line Drive, 8LD, EV 98.1 MPH) Runner from 3rd tags up, SCORES, throw by CF
|
Batting: LHB Ricky de la Cruz
|
0-0: Foul Ball, location: 2F 0-1: Swinging Strike 0-2: Ground out U3 (Groundball, 34S, EV 72.5 MPH)
|
Top of the 4th over - 1 run, 1 hit, 1 error, 0 left on base; Marion 4 - Kingsport 1 |
BOTTOM OF THE 4TH |
Kingsport Cherokees batting - Pitching for Marion Mets : RHP Sergio Hernandez
|
Batting: LHB Peter Camelo
|
0-0: Ball 1-0: Ball 2-0: Ball 3-0: Base on Balls
|
Batting: RHB Juan Baez
|
0-0: Foul Ball, location: 2F 0-1: SINGLE (Groundball, 56, EV 81.3 MPH) (infield hit) Peter Camelo to second
|
Batting: SHB Nelson Liriano
|
0-0: Ball 1-0: Ball 2-0: Ball 3-0: Base on Balls Peter Camelo to third Juan Baez to second
|
Batting: RHB Jose Sanchez
|
0-0: Grounds into fielders choice 1-2 (Groundball, 13S, EV 68.1 MPH) Juan Baez to third Nelson Liriano to second
|
Batting: SHB Terrence Derby
|
0-0: Ball 1-0: Ball 2-0: Ball 3-0: Base on Balls Juan Baez scores Nelson Liriano to third Jose Sanchez to second
|
Batting: RHB Joseph Kramer
|
0-0: Foul Ball, location: 2F 0-1: Called Strike 0-2: Strikes out swinging
|
Batting: LHB Ronald Davis
|
0-0: Ball 1-0: Ball 2-0: Ball 3-0: Called Strike 3-1: Base on Balls Nelson Liriano scores Jose Sanchez to third Terrence Derby to second
|
Batting: RHB James Hudson
|
0-0: Foul Ball, location: 2F 0-1: Foul Ball, location: 2F 0-2: Ball 1-2: Fly out, F8 (Flyball, 8LXD, EV 96.3 MPH)
|
Bottom of the 4th over - 2 runs, 1 hit, 0 errors, 3 left on base; Marion 4 - Kingsport 3 |
TOP OF THE 5TH |
Marion Mets batting - Pitching for Kingsport Cherokees : RHP Ivan Vasquez
|
Batting: RHB Rey Quinones
|
0-0: Called Strike 0-1: Ball 1-1: Ball 2-1: Ball 3-1: Base on Balls
|
Pitching: LHP Harley Woody
|
|
Batting: LHB Christopher Chapman
|
0-0: Foul Ball, location: 2F 0-1: Ball 1-1: Foul Ball, location: 2F 1-2: Fly out, F8 (Flyball, 78XD, EV 96.9 MPH)
|
Batting: RHB Andy Allanson
|
0-0: Foul Ball, location: 2F 0-1: Fly out, F7 (Line Drive, 7, EV 93.1 MPH)
|
Batting: RHB Wayne Harrison
|
0-0: Foul Ball, location: 2F Pickoff Throw to First - Out! 1-3
|
Top of the 5th over - 0 runs, 0 hits, 0 errors, 0 left on base; Marion 4 - Kingsport 3 |
BOTTOM OF THE 5TH |
Kingsport Cherokees batting - Pitching for Marion Mets : RHP Sergio Hernandez
|
Batting: RHB Timothy Smith
|
0-0: Fly out, F7 (Flyball, 7S, EV 85.0 MPH)
|
Batting: LHB Peter Camelo
|
0-0: Called Strike 0-1: Ball 1-1: Called Strike 1-2: Ball 2-2: SINGLE (Line Drive, 78S, EV 93.1 MPH)
|
Batting: RHB Juan Baez
|
0-0: Called Strike 0-1: Grounds into double play, 6-4-3 (Groundball, 6, EV 84.4 MPH)
|
Bottom of the 5th over - 0 runs, 1 hit, 0 errors, 0 left on base; Marion 4 - Kingsport 3 |
TOP OF THE 6TH |
Marion Mets batting - Pitching for Kingsport Cherokees : LHP Harley Woody
|
Batting: RHB Wayne Harrison
|
0-0: Ball 1-0: Swinging Strike 1-1: Swinging Strike 1-2: SINGLE (Flyball, 4D, EV 90.0 MPH)
|
Batting: LHB Lorenzo Castillo
|
0-0: Foul Ball, location: 2F 0-1: Ball 1-1: Swinging Strike 1-2: Strikes out looking
|
Batting: SHB Sherman Webb
|
0-0: Ball 1-0: Swinging Strike 1-1: Foul Ball, location: 2F 1-2: Strikes out swinging
|
Batting: RHB Jose Maldonado
|
0-0: Ball 1-0: Fly out, F8 (Flyball, 8LS, EV 88.1 MPH)
|
Top of the 6th over - 0 runs, 1 hit, 0 errors, 1 left on base; Marion 4 - Kingsport 3 |
BOTTOM OF THE 6TH |
Kingsport Cherokees batting - Pitching for Marion Mets : RHP Sergio Hernandez
|
Batting: SHB Nelson Liriano
|
0-0: Ball 1-0: Ball 2-0: Fly out, F9 (Flyball, 89M, EV 90.0 MPH)
|
Batting: RHB Jose Sanchez
|
0-0: Called Strike 0-1: Ball 1-1: SINGLE (Flyball, 8RS, EV 93.8 MPH)
|
Batting: SHB Terrence Derby
|
0-0: Called Strike 0-1: Ball 1-1: SINGLE (Groundball, 4M, EV 104.4 MPH) (infield hit) Jose Sanchez to second
|
Batting: RHB Joseph Kramer
|
0-0: Foul Ball, location: 2F 0-1: Ball 1-1: Fly out, F8 (Flyball, 8RD, EV 78.8 MPH)
|
Batting: LHB Ronald Davis
|
0-0: Called Strike 0-1: Called Strike 0-2: Foul Ball, location: 2F 0-2: SINGLE (Groundball, 4MD, EV 107.5 MPH) Jose Sanchez to third Terrence Derby to second Runner from 3rd tries for Home, SAFE, throw by CF to home
|
Batting: RHB James Hudson
|
0-0: Foul Ball, location: 2F 0-1: Ball 1-1: Ball 2-1: Swinging Strike 2-2: Foul Ball, location: 2F 2-2: Ball 3-2: Strikes out swinging
|
Bottom of the 6th over - 1 run, 3 hits, 0 errors, 2 left on base; Marion 4 - Kingsport 4 |
TOP OF THE 7TH |
Marion Mets batting - Pitching for Kingsport Cherokees : LHP Harley Woody
|
Batting: RHB Thomas Wallace
|
0-0: Called Strike 0-1: Ball 1-1: Ball 2-1: Foul Ball, location: 2F 2-2: Foul Ball, location: 2F 2-2: Foul Ball, location: 2F 2-2: Foul Ball, location: 2F 2-2: Ball 3-2: Base on Balls
|
Batting: LHB Ricky de la Cruz
|
0-0: Called Strike 0-1: Ball 1-1: Foul Ball, location: 2F 1-2: Ball 2-2: Fly out, F9 (Flyball, 9D, EV 96.3 MPH)
|
Batting: RHB Rey Quinones
|
0-0: Called Strike 0-1: Ball 1-1: Ball 2-1: SINGLE (Groundball, P, EV 80.0 MPH) (infield hit) Thomas Wallace to second
|
Batting: LHB Christopher Chapman
|
0-0: Ball 1-0: Ball 2-0: Ball Passed Ball! Thomas Wallace to third Rey Quinones to second 3-0: Called Strike 3-1: Base on Balls
|
Batting: RHB Andy Allanson
|
0-0: Grounds into fielders choice 6-2 (Groundball, 6, EV 82.5 MPH) Rey Quinones to third Christopher Chapman to second
|
Batting: RHB Wayne Harrison
|
0-0: Fielders Choice at 2nd, 6-4 (Groundball, 6, EV 85.6 MPH)
|
Top of the 7th over - 0 runs, 1 hit, 0 errors, 3 left on base; Marion 4 - Kingsport 4 |
BOTTOM OF THE 7TH |
Kingsport Cherokees batting - Pitching for Marion Mets : RHP Sergio Hernandez
|
Pitching: RHP Tim Reid
|
|
Batting: RHB Timothy Smith
|
0-0: Ball 1-0: Reached on error, E6 (Groundball, 6, EV 107.5 MPH)
|
Batting: LHB Peter Camelo
|
0-0: Called Strike
|
|
|
|
0-1: Ball 1-1: Foul Ball, location: 2F 1-2: Ball 2-2: Strikes out swinging
|
Batting: RHB Juan Baez
|
0-0: Ball 1-0: Foul Ball, location: 2F 1-1: Fly out, F8 (Flyball, 8LM, EV 88.1 MPH)
|
Batting: SHB Nelson Liriano
|
0-0: Swinging Strike 0-1: Swinging Strike 0-2: Ball 1-2: Strikes out swinging
|
Bottom of the 7th over - 0 runs, 0 hits, 1 error, 1 left on base; Marion 4 - Kingsport 4 |
TOP OF THE 8TH |
Marion Mets batting - Pitching for Kingsport Cherokees : LHP Harley Woody
|
Batting: LHB Lorenzo Castillo
|
0-0: Ball 1-0: Foul Ball, location: 2F 1-1: Ground out 3-1 (Groundball, 34S, EV 92.5 MPH)
|
Batting: SHB Sherman Webb
|
0-0: Swinging Strike 0-1: SOLO HOME RUN (Flyball, 7D, EV 101.3 MPH), Distance : 364 ft
|
Batting: RHB Jose Maldonado
|
0-0: Ball 1-0: Called Strike 1-1: Foul Ball, location: 2F 1-2: Ground out 5-3 (Groundball, 5S, EV 88.1 MPH)
|
Batting: RHB Thomas Wallace
|
0-0: Called Strike 0-1: Fly out, F8 (Flyball, 8RXD, EV 81.9 MPH)
|
Top of the 8th over - 1 run, 1 hit, 0 errors, 0 left on base; Marion 5 - Kingsport 4 |
BOTTOM OF THE 8TH |
Kingsport Cherokees batting - Pitching for Marion Mets : RHP Tim Reid
|
Batting: RHB Jose Sanchez
|
0-0: SINGLE (Line Drive, 6MD, EV 96.9 MPH)
|
Pitching: RHP Guillermo Valenzuela
|
|
Batting: SHB Terrence Derby
|
0-0: Reached on error, E3 (Groundball, 23, EV 43.8 MPH) Jose Sanchez to second
|
Batting: RHB Joseph Kramer
|
0-0: Called Strike 0-1: Called Strike 0-2: Ball 1-2: 3-RUN HOME RUN (Flyball, 7LD, EV 100.0 MPH), Distance : 370 ft
|
Batting: LHB Ronald Davis
|
0-0: Foul Ball, location: 2F 0-1: Ball 1-1: SINGLE (Groundball, 4MD, EV 97.5 MPH)
|
Batting: RHB James Hudson
|
0-0: Swinging Strike 0-1: Foul Ball, location: 2F 0-2: Ball 1-2: Foul Ball, location: 2F 1-2: Ball 2-2: SINGLE (Groundball, 56, EV 96.9 MPH) Ronald Davis to second
|
Batting: RHB Timothy Smith
|
0-0: Swinging Strike 0-1: Ball 1-1: Foul Ball, location: 2F 1-2: Foul Ball, location: 2F 1-2: Foul Ball, location: 2F 1-2: Strikes out swinging
|
Batting: LHB Peter Camelo
|
0-0: Ball 1-0: Ball 2-0: Called Strike 2-1: Fielders Choice at 2nd, 4-6 (Groundball, 4MD, EV 80.6 MPH) Ronald Davis to third
|
Batting: RHB Juan Baez
|
0-0: Ball 1-0: Foul Ball, location: 2F 1-1: Ball 2-1: Foul Ball, location: 2F 2-2: Foul Ball, location: 2F 2-2: Strikes out swinging
|
Bottom of the 8th over - 3 runs, 4 hits, 1 error, 2 left on base; Marion 5 - Kingsport 7 |
TOP OF THE 9TH |
Marion Mets batting - Pitching for Kingsport Cherokees : LHP Harley Woody
|
Batting: LHB Ricky de la Cruz
|
0-0: Ball 1-0: Foul Ball, location: 2F 1-1: SOLO HOME RUN (Flyball, 89XD, EV 94.4 MPH), Distance : 389 ft
|
Batting: RHB Rey Quinones
|
0-0: Ball 1-0: Called Strike 1-1: Swinging Strike 1-2: Ball 2-2: Foul Ball, location: 2F 2-2: Fly out, F7 (Line Drive, 7, EV 106.9 MPH)
|
Pitching: RHP Ron Richardson
|
|
Batting: LHB Christopher Chapman
|
0-0: Foul Ball, location: 2F 0-1: SINGLE (Flyball, 78D, EV 102.5 MPH)
|
Pinch Hitting: LHB Victor Madden
|
0-0: Ball 1-0: Ball 2-0: Ball 3-0: Base on Balls Christopher Chapman to second
|
Pinch Runner at 2nd Francisco Jimenez:
|
|
Batting: RHB Wayne Harrison
|
0-0: DOUBLE (Line Drive, 78XD, EV 103.8 MPH) Francisco Jimenez scores Victor Madden to third
|
Batting: LHB Lorenzo Castillo
|
0-0: Intentional Walk
|
Pinch Hitting: LHB Jeff Schulz
|
0-0: Ball 1-0: Ball 2-0: Called Strike 2-1: Grounds into fielders choice 4-2 (Groundball, 34, EV 85.0 MPH) Wayne Harrison to third Lorenzo Castillo to second
|
Pinch Hitting: SHB Ron Scheer
|
0-0: SINGLE (Groundball, 34D, EV 95.6 MPH) Wayne Harrison scores Lorenzo Castillo to third Jeff Schulz to second Runner from 3rd tries for Home, SAFE, throw by RF to home
|
Pitching: RHP Jim Hickey
|
|
Batting: RHB Thomas Wallace
|
0-0: Ball 1-0: Fielders Choice at 2nd, 5-4 (Groundball, 56, EV 82.5 MPH)
|
Top of the 9th over - 4 runs, 4 hits, 0 errors, 2 left on base; Marion 9 - Kingsport 7 |
BOTTOM OF THE 9TH |
Kingsport Cherokees batting - Pitching for Marion Mets : RHP Guillermo Valenzuela
|
Pitching: RHP Gregory Hammond
|
|
Now at C: Bob Geren
|
|
Now at 2B: Miguel Corona
|
|
Now at 3B: Jeff Schulz
|
|
Now in LF: Ron Scheer
|
|
Batting: SHB Nelson Liriano
|
0-0: Foul Ball, location: 2F 0-1: Ball 1-1: Swinging Strike 1-2: SINGLE (Groundball, 5S, EV 69.4 MPH) (infield hit)
|
Pinch Hitting: LHB Dave Verkuilen
|
0-0: Swinging Strike 0-1: Swinging Strike 0-2: Ball 1-2: Ball 2-2: Foul Ball, location: 2F 2-2: Ball 3-2: Foul Ball, location: 2F 3-2: Base on Balls Nelson Liriano to second
|
Batting: SHB Terrence Derby
|
0-0: Bunted foul 0-1: Sac Bunt to 13 - play at first, batter OUT! 1-4 Nelson Liriano to third Dave Verkuilen to second
|
Batting: RHB Joseph Kramer
|
0-0: Ball 1-0: Ball 2-0: Ball 3-0: Base on Balls
|
Batting: LHB Ronald Davis
|
0-0: SINGLE (Groundball, 4MD, EV 101.3 MPH) Nelson Liriano scores Dave Verkuilen to third Joseph Kramer to second Runner from 3rd tries for Home, SAFE, throw by CF to home
|
Batting: RHB James Hudson
|
0-0: Ball 1-0: Swinging Strike 1-1: Swinging Strike 1-2: Foul Ball, location: 2F 1-2: Ball Wild Pitch! Joseph Kramer to third Ronald Davis to second 2-2: Ball 3-2: Foul Ball, location: 2F 3-2: Base on Balls
|
Batting: RHB Timothy Smith
|
0-0: Foul Ball, location: 2F 0-1: Swinging Strike 0-2: Ball 1-2: Foul Ball, location: 2F 1-2: Foul Ball, location: 9LSF, Error on foul ball, E9 1-2: Ball 2-2: Foul Ball, location: 2F 2-2: Foul Ball, location: 2F 2-2: Ball 3-2: SINGLE (Groundball, 6M, EV 95.0 MPH) Joseph Kramer scores
|
Bottom of the 9th over - 3 runs, 3 hits, 1 error, 0 left on base; Marion 9 - Kingsport 10 |
|
Friday, August 7th, 2020 - OOTP Baseball 21.5 Build 76
|
|